 Dungeon Crawl Stone Soup version 0.19-a0-1448-g1485906 (webtiles) character file.

34 PurpleRed the Conjurer (level 3, 0/19 HPs)
             Began as a Deep Elf Conjurer on Sept 5, 2016.
             Slain by a scorpion (3 damage)
             ... on level 4 of the Dungeon.
             The game lasted 00:03:06 (442 turns).

PurpleRed the Conjurer (Deep Elf Conjurer)           Turns: 442, Time: 00:03:07

Health: 0/19       AC:  4    Str:  5    XL:     3   Next: 14%
Magic:  0/10       EV: 13    Int: 20    God:
Gold:   31         SH:  0    Dex: 15    Spells: 2 memorised, 7 levels left

rFire  + . .     SeeInvis .     (no weapon)
rCold  + . .     Gourm    .     a - +0 robe
rNeg   . . .     Faith    .     (no shield)
rPois  +         Spirit   .     i - +1 helmet
rElec  +         Dismiss  .     (no cloak)
rCorr  +         Reflect  .     (no gloves)
MR     .....     Harm     .     (no boots)
Stlth  ++........               (no amulet)
                                (no ring)
                                (no ring)

@: lethally poisoned (0 -> -16), resistant
A: no striking features
a: no special abilities


You were on level 4 of the Dungeon.
You were not hungry.

You visited 1 branch of the dungeon, and saw 5 of its levels.

You collected 31 gold pieces.

Inventory:

Hand Weapons
 e - a +0 hand axe
Armour
 a - a +0 robe (worn)
 i - a +1 helmet (worn)
Potions
 g - a potion of resistance
Books
 b - a book of Conjurations

   Spells                             Type                      Level
   a - Magic Dart                     Conjuration                  1
   b - Searing Ray                    Conjuration                  2
   c - Dazzling Spray                 Conjuration/Hexes            3
   d - Fulminant Prism                Conjuration/Hexes            4
   e - Iskenderun's Mystic Blast      Conjuration                  4
   f - Iskenderun's Battlesphere      Conjuration/Charms           5
Comestibles
 c - 3 bread rations
 d - a meat ration


   Skills:
 - Level 2.4 Dodging
 - Level 2.4 Stealth
 + Level 4.0 Spellcasting
 * Level 5.1 Conjurations


You had 7 spell levels left.
You knew the following spells:

 Your Spells              Type           Power        Failure   Level  Hunger
a - Magic Dart            Conj           ###.         1%          1    None
b - Searing Ray           Conj           ###...       2%          2    #......


Dungeon Overview and Level Annotations

Branches:
Dungeon (5/15)
 Temple: D:4-7

Altars:


Message History

You feel sick.
You feel sick.
Casting: Searing Ray
Confirm with . or Enter, or press ? or * to list all spells.
Aiming: Magic Dart
Press: ? - help, Shift-Dir - straight line, f - scorpion
Aim: a scorpion (severely wounded)
The magic dart hits the scorpion.
The scorpion is almost dead.
You feel sick. The scorpion stings you.
* * * LOW HITPOINT WARNING * * *
You are more poisoned.
The scorpion poisons you!
* * * LOW HITPOINT WARNING * * *
You feel sick.
It was a potion of resistance.
You feel protected.
* * * LOW HITPOINT WARNING * * *
You feel sick. The scorpion stings you.
You die...

#........# #........#
#........# #........#
#........#
######......(.#
#....#........####
#....####'#......#
#.....s@..#......#
#...[.....#......#
#....##...#......#
##'####...#......#
#.†..#....#......#
#....#....'......#
#....#....#......#
#....##...#.....>#######
#....##...######.......#


You could see a scorpion.

Vanquished Creatures
  An adder (D:4)
  An adder skeleton (D:4)
  2 dart slugs
  A giant gecko (D:3)
  3 goblins
  A hobgoblin (D:3)
  2 jackals (D:1)
  A bat (D:3)
  3 giant newts
  2 kobolds (D:1)
  2 rats (D:1)
19 creatures vanquished.

Notes
Turn   | Place    | Note
-------+----------+-------------------------------------------
     0 | D:1      | PurpleRed the Deep Elf Conjurer began the quest for the Orb.
     0 | D:1      | Reached XP level 1. HP: 10/10 MP: 6/6
   179 | D:1      | Reached XP level 2. HP: 12/15 MP: 3/8
   185 | D:1      | Learned a level 2 spell: Searing Ray
   339 | D:5      | Entered Level 5 of the Dungeon
   367 | D:4      | Noticed a howler monkey
   417 | D:4      | Reached skill level 5 in Conjurations
   425 | D:4      | Noticed a scorpion
   434 | D:4      | Reached XP level 3. HP: 15/19 MP: 2/10
   442 | D:4      | Slain by a scorpion

Vault maps used:
D:1:      nicolae_arrival_somewhat_less_tricky_arrival, serial_bayou_pond_c
D:2:      lemuel_round_altar
D:3:      zin_scriptorium, nemelex_altar_shiori, gammafunk_temple_overflow_wave,
          first_bread
D:4:      uniq_crazy_yiuf_cottage, uniq_menkaure, uniq_natasha
D:5:      nicolae_tso_carved_into_rock, serial_shops,
          nicolae_shop_temple_entry_statues_fountains

Skill      XL: |  1  2 |
---------------+-------+-----
Conjurations   | 5 |  5.1
Spellcasting   | 4 |  4.0
Dodging        | |  2.4
Stealth        | |  2.4

Action                   || total
-------------------------++-------
 Cast: Magic Dart        ||    38
       Searing Ray       ||     2
  Use: Scroll            ||     2
       Potion            ||     1
Armor: Robe              ||     4
Dodge: Dodged            ||    10
